Map: Ruins of Endion

Players

Orion

  • Race: Protoss Protoss
  • League: Master

Miszu - Winner!

  • Race: Protoss Protoss
  • League: Master

VOD

Have the link to the VOD?

Description

Time

  • Played on: June 1, 2016, 5:03 p.m.
  • Length: 9:44
Show
View Real Time Build Order
Export as new Build Order

Orion Protoss 

Build Orders: Oracle Opening 

Get SALT Encoding   

  12  0:01  Probe (Chrono Boost)  
  13  0:11  Probe (Chrono Boost)  
  14  0:18  Pylon  
  14  0:22  Probe (Chrono Boost)  
  15  0:37  Gateway, Probe (Chrono Boost)  
  16  0:47  Probe (Chrono Boost)  
  16  0:48  Assimilator  
  17  0:58  Probe (Chrono Boost)  
  17  0:59  Assimilator  
  18  1:06  Gateway  
  18  1:11  Probe (Chrono Boost)  
  19  1:22  Probe (Chrono Boost)  
  20  1:25  Cybernetics Core  
  20  1:33  Probe (Chrono Boost)  
  20  1:35  Pylon  
  21  1:47  Probe (Chrono Boost)  
  22  1:58  Probe (Chrono Boost)  
  23  2:02  Adept x2  
  23  2:03  Warp Gate (Chrono Boost)  
  27  2:15  Stargate  
  27  2:22  Pylon  
  27  2:28  Pylon  
  27  2:58  Stalker x2  
  27  3:02  Oracle (Chrono Boost)  
  34  3:16  Nexus  
  34  3:26  Pylon  
  36  3:41  Mothership Core  
  32  4:01  Void Ray (Chrono Boost)  
  32  4:02  Probe  
  37  4:04  Robotics Facility  
  37  4:14  Probe  
  38  4:24  Stalker x2  
  38  4:26  Probe x2  
  44  4:37  Probe  
  44  4:38  Probe  
  46  4:47  Probe  
  46  4:50  Probe  
  46  4:52  Observer  
  49  4:58  Probe  
  50  5:03  Probe  
  50  5:05  Void Ray (Chrono Boost)  
  55  5:08  Probe  
  55  5:09  Zealot  
  55  5:10  Zealot  
  60  5:15  Probe  
  60  5:17  Assimilator  
  60  5:19  Probe  
  62  5:35  Pylon  
  62  5:37  Pylon  
  62  5:39  Pylon  
  62  5:52  Probe  
  62  5:53  Gateway, Immortal (Chrono Boost), Probe  
  68  6:01  Stalker  
  68  6:02  Probe  
  68  6:03  Stalker  
  73  6:05  Probe  
  74  6:13  Void Ray (Chrono Boost)  
  74  6:14  Probe  
  74  6:17  Probe  
  77  6:26  Probe  
  77  6:30  Probe  
  77  6:31  Stalker  
  77  6:32  Stalker  
  83  6:38  Probe  
  82  6:53  Immortal (Chrono Boost)  
  70  7:17  Stalker x2  
  66  7:33  Void Ray  
  66  7:35  Nexus  
  62  7:37  Pylon  
  62  7:38  Pylon  
  62  7:39  Immortal (Chrono Boost)  
  62  7:42  Stalker x2  
  74  7:50  Stalker  
  71  7:55  Gateway x2  
  71  7:57  Gateway  
  71  8:01  Assimilator  
  71  8:05  Stalker x2  
  75  8:17  Stalker  
  75  8:20  Immortal (Chrono Boost)  
  58  8:30  Void Ray  
  58  8:32  Stalker  
  58  8:33  Stalker  
  64  8:47  Stalker  
  57  8:59  Stalker x2  
  48  9:10  Probe x2  
  48  9:12  Zealot x2  
  48  9:13  Zealot  
  56  9:22  Probe  
  51  9:24  Stalker  
  51  9:25  Stalker  
  51  9:26  Probe  
Show
View Real Time Build Order
Export as new Build Order

Miszu Protoss - Winner!

Build Orders:  

Get SALT Encoding   

  12  0:01  Probe (Chrono Boost)  
  13  0:11  Probe (Chrono Boost)  
  14  0:19  Pylon  
  14  0:22  Probe (Chrono Boost)  
  15  0:37  Probe (Chrono Boost)  
  15  0:38  Gateway  
  16  0:48  Probe (Chrono Boost)  
  16  0:49  Assimilator  
  17  0:58  Gateway  
  17  1:02  Probe (Chrono Boost)  
  18  1:15  Probe (Chrono Boost)  
  19  1:20  Pylon  
  20  1:25  Probe (Chrono Boost)  
  20  1:27  Cybernetics Core  
  20  1:35  Assimilator  
  20  1:39  Probe (Chrono Boost)  
  21  1:52  Probe (Chrono Boost)  
  22  2:04  Warp Gate (Chrono Boost)  
  22  2:05  Adept x2  
  26  2:16  Mothership Core  
  28  2:25  Pylon  
  28  2:32  Stalker  
  30  2:37  Probe  
  30  2:43  Stalker  
  31  3:02  Stalker  
  31  3:09  Pylon  
  31  3:13  Stalker  
  33  3:22  Nexus  
  33  3:26  Probe  
  34  3:39  Probe  
  32  3:55  Probe  
  32  4:02  Twilight Council  
  33  4:08  Gateway, Probe  
  34  4:12  Stalker  
  34  4:13  Stalker  
  38  4:20  Probe  
  39  4:27  Pylon  
  39  4:32  Probe x2  
  41  4:38  Blink (Chrono Boost)  
  41  4:44  Probe  
  41  4:45  Probe  
  43  4:55  Probe  
  43  4:57  Probe  
  45  5:01  Gateway  
  45  5:05  Probe  
  45  5:08  Stalker  
  45  5:09  Probe  
  49  5:18  Pylon  
  49  5:23  Pylon  
  49  5:25  Stalker  
  51  5:31  Pylon  
  51  5:40  Stalker x2  
  55  5:50  Gateway, Stalker  
  57  6:09  Stalker x3  
  63  6:25  Stalker  
  65  6:29  Pylon  
  65  6:37  Stalker x3  
  70  6:51  Stalker  
  70  6:52  Stalker  
  62  7:02  Stalker x3  
  60  7:15  Stalker  
  60  7:16  Zealot  
  58  7:32  Stalker x3  
  62  7:37  Stalker  
  60  7:50  Stalker  
  60  7:56  Zealot  
  60  7:57  Stalker x2  
  66  8:00  Gateway, Stalker  
  54  8:29  Stalker, Zealot  
  54  8:30  Stalker x2, Zealot  
  58  9:03  Zealot  
  58  9:04  Stalker x3, Zealot  
  54  9:34  Stalker x3  
  54  9:35  Stalker  
Tags
 
Add a new tag
Caveats
  • Supply blocks, unpowered buildings, or Contaminate may cause inaccurate times.
  • Supply counts are checked every 10 seconds.